 Dungeon Crawl Stone Soup version 0.30-a0-802-gb92711bcdf (webtiles) character file.

Game seed: 17693871500792834014

3108 Dittersdorf the Blocker (level 9, -4/59 HPs)
             Began as a Gargoyle Fighter on Feb 23, 2023.
             Was a Follower of Okawaru.
             Slain by a wyvern (12 damage)
             ... on level 7 of the Dungeon.
             The game lasted 00:07:33 (7509 turns).

Dittersdorf the Blocker (Gargoyle Fighter)          Turns: 7509, Time: 00:07:34

Health: -4/59      AC: 21    Str: 24    XL:     9   Next: 90%
Magic:  9/9        EV:  5    Int:  9    God:    Okawaru [*.....]
Gold:   431        SH: 11    Dex:  9    Spells: 8/8 levels left

rFire   . . .      SeeInvis .    v - +0 morningstar
rCold   . . .      Faith    .    g - +2 kite shield
rNeg    + . .      Spirit   .    q - +1 plate armour of the Lime {Fly}
rPois   ∞          Reflect  .    (no helmet)
rElec   +          Harm     .    (no cloak)
rCorr   .          Rampage  .    (no gloves)
Will    .....                    (no boots) Stlth
                                 l - amulet of the acrobat
HPRegen 0.29/turn                (no ring)
MPRegen 0.11/turn                (no ring)

@: flying
A: sickness immunity, AC +6, negative energy resistance 1, electricity
resistance, torment resistance 1, petrification resistance
a: Renounce Religion, Heroism


You were on level 7 of the Dungeon.
You worshipped Okawaru.
Okawaru was aware of your devotion.
You visited 2 branches of the dungeon, and saw 8 of its levels.

You collected 431 gold pieces.

Inventory:

Hand Weapons
 v - a +0 morningstar (weapon)
Missiles
 s - 14 poisoned darts (quivered)
Armour
 g - a +2 kite shield (worn)
 q - the +1 plate armour of the Lime (worn) {Fly}
   (You found it on level 2 of the Dungeon)

   Fly:       It grants you flight.
Jewellery
 l - an amulet of the acrobat (around neck)
Scrolls
 b - 3 scrolls of teleportation
 i - 4 scrolls of blinking
 j - 2 scrolls of silence
 o - a scroll of fog
Potions
 a - 2 potions of curing
 c - a potion of ambrosia {unknown}
 d - a potion of might
 e - 2 potions of brilliance
 f - 2 potions of haste
 h - 2 potions of heal wounds
 k - 2 potions of cancellation
 r - 4 potions of mutation


   Skills:
 + Level 8.1 Fighting
 + Level 7.0 Maces & Flails
 + Level 8.1 Armour
 + Level 8.2 Shields


You had 8 spell levels left.
You didn't know any spells.
Your spell library contained the following spells:

 Spells                   Type           Power      Damage    Failure   Level
 Kiss of Death            Conj/Necr      0%         2d5       100%        1
 Necrotise                Necr           0%         1d4       100%        1
 Slow                     Hex            0%         N/A       100%        1
 Blink                    Tloc           0%         N/A       100%        2
 Lesser Beckoning         Tloc           0%         N/A       100%        2
 Momentum Strike          Conj/Tloc      0%         3d8       100%        2
 Confusing Touch          Hex            0%         N/A       100%        3
 Portal Projectile        Hex/Tloc       0%         N/A       100%        3
 Vampiric Draining        Necr           0%         2d6       100%        3
 Vhi's Electric Charge    Tloc/Air       0%         N/A       100%        3
 Dispel Undead            Necr           0%         3d6       100%        4
 Leda's Liquefaction      Hex/Erth       0%         N/A       100%        4
 Agony                    Necr           0%         N/A       100%        5
 Arcjolt                  Conj/Air       0%         1d10      100%        5
 Maxwell's Capacitive Co  Air            0%         ∞         100%        8
 Call Canine Familiar     Summ           Unusable   N/A       N/A         3

Dungeon Overview and Level Annotations

Branches:
Dungeon (7/15)             Temple (1/1) D:5

Altars:
Ashenzari
Cheibriados
Kikubaaqudgha
Nemelex Xobeh
Okawaru
Qazlal
Sif Muna
Uskayaw
Wu Jian
Zin


Innate Abilities, Weirdness & Mutations

You are immune to sickness and miasma.
Your stone body is resilient. (AC +6)
You are immune to poison.
You resist negative energy. (rN+)
You are resistant to electric shocks. (rElec)
You are resistant to unholy torment.
You are immune to petrification.


Message History

Found a dented emerald amulet.
The wyvern hisses angrily.
Found 3 scrolls of fear.
The wyvern bites you.
You puncture the wyvern!
The wyvern is moderately wounded.
The wyvern bites you! You block the wyvern's attack.
You closely miss the wyvern.
The wyvern is moderately wounded.
The wyvern bites you! x2
You are too injured to fight recklessly!
You are too injured to fight recklessly!
You are too injured to fight recklessly!
You are too injured to fight recklessly!
You are too injured to fight recklessly!
You are too injured to fight recklessly!
You are too injured to fight recklessly!
You are too injured to fight recklessly!
You are too injured to fight recklessly!
You are too injured to fight recklessly!
You are too injured to fight recklessly!
You are too injured to fight recklessly!
You are too injured to fight recklessly!
You are too injured to fight recklessly!
You are too injured to fight recklessly!
You are too injured to fight recklessly!
You are too injured to fight recklessly!
You are too injured to fight recklessly!
You are too injured to fight recklessly!
You hit the wyvern but do no damage.
The wyvern is moderately wounded.
You block the wyvern's attack. The wyvern bites you!
* * * LOW HITPOINT WARNING * * *
You barely miss the wyvern.
The wyvern is moderately wounded.
The wyvern bites you.
* * * LOW HITPOINT WARNING * * *
You barely miss the wyvern.
The wyvern is moderately wounded.
The wyvern bites you!
You die...

#.##+## #.#.#.#.#.#
#.#...###...###.#.# #
#.#...#.........#.# .#
##.#...#.#.#######.#..#
...#...#.#........##.##
##.#.....##########.".##
................##.....#
##......######..#l......
##..>..# ##.@..._...
####### ###......?
#.....# #...## #.## ...
###


You could see a wyvern.

Vanquished Creatures
  Pikel (D:4)
  Maggie (D:6)
  Eustachio (D:4)
  An acid dragon (D:7)
  A water moccasin (D:5)
  A black bear (D:7)
  An ice beast (D:5)
  3 ogres
  A centaur (D:6)
  A phantom (D:4)
  5 bullfrogs
  A necrophage (D:3)
  A gnoll sergeant (D:7)
  2 vampire bats (D:4)
  5 hounds
  4 orc priests
  5 jellies
  2 gnoll boudas
  An iguana (D:6)
  4 orc wizards
  A mummy (D:5)
  8 adders
  15 gnolls
  A white imp (D:6)
  An ufetubus (D:6)
  3 worms
  3 dart slugs
  17 orcs
  5 bats
  3 bat skeletons (D:4)
  3 bat zombies (D:4)
  2 endoplasms
  5 giant cockroaches
  3 hobgoblins
  2 jackals (D:4)
  5 quokkas
  6 ball pythons
  2 frilled lizards (D:1)
  9 goblins
  8 kobolds
  7 rats
151 creatures vanquished.

Vanquished Creatures (others)
  A withered plant (D:1)
1 creature vanquished.

Grand Total: 152 creatures vanquished

Notes
Turn   | Place    | Note
-------+----------+-------------------------------------------
     0 | D:1      | Dittersdorf the Gargoyle Fighter began the quest for the
                  | Orb.
     0 | D:1      | Reached XP level 1. HP: 14/14 MP: 1/1
    18 | D:1      | Found a faded altar of an unknown god.
   102 | D:1      | Reached XP level 2. HP: 15/19 MP: 2/2
   616 | D:1      | Reached XP level 3. HP: 24/24 MP: 3/3
  1002 | D:2      | Identified the +1 plate armour of the Lime {Fly}
  1337 | D:3      | Reached XP level 4. HP: 26/29 MP: 4/4
  1625 | D:3      | Noticed a necrophage
  1641 | D:3      | Killed a necrophage
  1642 | D:3      | Reached XP level 5. HP: 33/33 MP: 5/5
  2400 | D:4      | Found an ancient bone altar of Kikubaaqudgha.
  2415 | D:4      | Reached XP level 6. HP: 38/39 MP: 6/6
  2534 | D:4      | Reached skill level 5 in Shields
  2539 | D:4      | Reached skill level 5 in Armour
  2591 | D:4      | Reached skill level 5 in Fighting
  2601 | D:4      | Reached XP level 7. HP: 33/44 MP: 7/7
  2872 | D:4      | Noticed Pikel
  2882 | D:4      | Killed Pikel
  2883 | D:4      | Reached XP level 8. HP: 45/51 MP: 8/8
  3138 | D:4      | Noticed Eustachio
  3184 | D:4      | Killed Eustachio
  3185 | D:4      | Reached skill level 5 in Maces & Flails
  3319 | D:5      | Entered Level 5 of the Dungeon
  3535 | D:5      | Found a snail-covered altar of Cheibriados.
  4606 | D:5      | Reached XP level 9. HP: 44/56 MP: 9/9
  4697 | D:5      | Found a staircase to the Ecumenical Temple.
  4706 | Temple   | Entered the Ecumenical Temple
  4711 | Temple   | Became a worshipper of Warmaster Okawaru
  5462 | D:6      | Noticed Maggie
  5486 | D:6      | Killed Maggie
  5486 | D:6      | Reached * piety under Okawaru
  6799 | D:7      | Found a glowing silver altar of Zin.
  7502 | D:7      | Found a sparkling altar of Nemelex Xobeh.
  7509 | D:7      | Slain by a wyvern

Illustrated notes

Levels and vault maps discovered:
D:1:      dpeg_arrival_fog, layout_rooms, shapermc_ecumenical_altar_gd
D:2:      layout_loops_ring
D:3:      minmay_general_purpose_star, layout_loops_ring, serial_park_tiny_1,
          minmay_misc_feat_iff, chequers_garden
D:4:      layout_loops_ring, kennysheep_vampire_church, uniq_eustachio,
          uniq_pikel
D:5:      layout_basic, slow_altar_2, minmay_temple_entry_proselytizer,
          minivault_14, nrook_pool_corridor, columned_hall_lemuel,
          roderic_serpentine_path
D:6:      layout_loops_ring, uniq_maggie
D:7:      layout_basic, lemuel_round_altar, mainiacjoe_overflow_alcove_1
Temple:   nicolae_temple_bog_church

Skill      XL: |  1  2  3  4  5  6  7  8  9 |
---------------+----------------------------+-----
Fighting       | 4 5 6 8 |  8.1
Maces & Flails | 3 4 5 7 |  7.0
Armour         | 4 5 6 8 |  8.1
Shields        | 4 5 6 7 8 |  8.2

Action                     |  1- 3 |  4- 6 |  7- 9 || total
---------------------------+-------+-------+-------++-------
  Melee: Flail             |   120 |    44 |       ||   164
         Morningstar       |       |   123 |   453 ||   576
    Use: Scroll            |       |    13 |     7 ||    20
 Armour: Scale mail        |    41 |       |       ||    41
         Chain mail        |    40 |   188 |   179 ||   407
         Plate armour      |       |       |   170 ||   170
  Dodge: Dodged            |    72 |    84 |   171 ||   327
  Block: Buckler           |    34 |    80 |   139 ||   253
         Kite shield       |       |       |    32 ||    32

Table legend: (Time is in decaauts)
 A = Elapsed time spent in this place.
 B = Non-inter-level travel time spent in this place.
 C = Inter-level travel time spent in this place.
 D = Time resting spent in this place.
 E = Time spent auto-exploring this place.
 F = Levels seen in this place.
 G = Mean time per level.
                   A        B        C        D        E       F      G
               +--------+--------+--------+--------+--------+-----+--------+
         Total |   7727 |   7369 |    358 |    982 |   4861 |   8 |  965.9 |
       Dungeon |   7716 |   7358 |    358 |    982 |   4861 |   7 | 1102.3 |
        Temple |     10 |     10 |      0 |      0 |      0 |   1 |   10.0 |
               +--------+--------+--------+--------+--------+-----+--------+

Top non-repeatable levels by time:
     D:5: 1980 daAuts
     D:7: 1153 daAuts
     D:4: 1131 daAuts
     D:6: 1096 daAuts
     D:3: 1027 daAuts
     D:1: 690 daAuts
     D:2: 637 daAuts
  Temple: 10 daAuts
